 Dungeon Crawl Stone Soup version 0.27-a0-1154-gfdeffcb720 (webtiles) character file.

Game seed: 1192584609661890384

132 maxwell1 the Cudgeller (level 4, -2/45 HPs)
             Began as a Troll Berserker on May 15, 2021.
             Was a Believer of Trog.
             Slain by an ogre
             ... wielding a +0 giant spiked club
              (27 damage)
             ... on level 4 of the Dungeon.
             The game lasted 00:13:42 (2234 turns).

maxwell1 the Cudgeller (Troll Berserker)            Turns: 2234, Time: 00:13:43

Health: -2/45      AC:  4    Str: 26    XL:     4   Next: 92%
Magic:  3/3        EV:  5    Int:  3    God:    Trog [**....]
Gold:   153        SH: 14    Dex:  9    Spells: 3/3 levels left

rFire    . . .     SeeInvis .   d - +0 morningstar
rCold    . . .     Faith    .   b - +2 tower shield {rN+}
rNeg     + . .     Spirit   .   m - +0 robe
rPois    +         Reflect  .   (helmet restricted)
rElec    .         Harm     .   (no cloak)
rCorr    .         Rampage  .   (gloves unavailable)
Will     .....                  (boots unavailable)
Stlth    +.........             (no amulet)
HPRegen  1.15/turn              k - ring of poison resistance
MPRegen  0.08/turn              (no ring)

@: no status effects
A: large, unfitting armour, claws 3, regeneration 1, shaggy fur 1, tough skin 1
a: Renounce Religion, Berserk, Trog's Hand


You were on level 4 of the Dungeon.
You worshipped Trog.
Trog was pleased with you.
You visited 1 branch of the dungeon, and saw 4 of its levels.

You collected 153 gold pieces.

Inventory:

Hand Weapons
 a - a +0 flail
 d - a +0 morningstar (weapon)
Armour
 b - a +2 tower shield of positive energy (worn)
 m - a +0 robe (worn)
Jewellery
 k - a ring of poison resistance (left claw)
Wands
 g - a wand of polymorph (12)
 p - a wand of flame (20)
Scrolls
 f - 3 scrolls of teleportation {unknown}
 h - a scroll of enchant armour
 i - a scroll of magic mapping {unknown}
 n - a scroll of identify {unknown}
 o - a scroll of amnesia {unknown}
Potions
 c - 2 potions of haste {unknown}
 e - a potion of ambrosia {unknown}
 j - a potion of lignification {unknown}
 l - 2 potions of degeneration {unknown}
 q - 2 potions of heal wounds {unknown}
 r - a potion of might {unknown}
 s - a potion of flight {unknown}


   Skills:
 + Level 3.0 Fighting
 + Level 4.1 Maces & Flails
 + Level 3.2 Dodging
 + Level 0.1 Shields


You had 3 spell levels left.
You didn't know any spells.
Your spell library contained the following spells:

 Spells                   Type           Power      Damage    Failure   Level
 Animate Skeleton         Necr           0%         N/A       100%        1
 Pain                     Necr           0%         1d4       100%        1
 Vampiric Draining        Necr           0%         2d6       100%        3
 Animate Dead             Necr           0%         N/A       100%        4
 Agony                    Necr           0%         N/A       100%        5


Dungeon Overview and Level Annotations

Branches:
Dungeon (4/15)
 Temple: D:4-7

Altars:


Innate Abilities, Weirdness & Mutations

You are too large for most types of armour.
You have claws for hands.
Your natural rate of healing is unusually fast.
You are covered in fur. (AC +1)
You have tough skin. (AC +1)


Message History

The jackal bites you but does no damage.
As you read the scroll labelled PAMO JAGHO, it crumbles to dust.
It is a scroll of enchant armour.
Your +1 tower shield of positive energy glows green for a moment.
You block the jackal's attack.
You closely miss the jackal.
The jackal bites you but does no damage.
You block the jackal's attack.
The jackal bites you but does no damage.
You closely miss the jackal. The jackal barely misses you.
You block the jackal's attack.
You closely miss the jackal. You block the jackal's attack. x2
The jackal bites you.
You puncture the jackal!
You kill the jackal!
Trog accepts your kill. You block the ogre's attack.
You thump the ogre!
The ogre is moderately wounded.
You block the ogre's attack.
You hit the ogre.
The ogre is heavily wounded.
The ogre hits you with a +0 giant spiked club!
You block the ogre's attack.
You closely miss the ogre.
The ogre is heavily wounded.
The ogre barely misses you.
You hit the ogre.
The ogre is severely wounded.
The ogre closely misses you.
The ogre hits you with a +0 giant spiked club!
You are too injured to fight recklessly!
You are too injured to fight recklessly!
You are too injured to fight recklessly!
You are too injured to fight recklessly!
You sock the ogre!
The ogre is almost dead.
The ogre hits you with a +0 giant spiked club!!
Ouch! That really hurt!
You die...

.....# #. #... .....## .
#.##..........# .. #.#......
......# ..# .
#.#..##.##..##..###....#
.#####.....[....# #....$....#
...............# ##..##.$...#
..(......#.....###..........#
.........#......@O.#..##....#
...........(...#####..# ..#
...........##### #..# #
....>.....## #..# <..)......#
#..# ........### ....
........## .... .........#
.........#


You could see an ogre.

Vanquished Creatures
  An orc priest (D:3)
  An adder (D:2)
  An adder skeleton (D:2)
  2 worms (D:2)
  A dart slug (D:1)
  5 orcs (D:3)
  8 ball pythons
  2 bats
  4 endoplasms (D:1)
  2 giant cockroaches (D:3)
  6 goblins
  13 hobgoblins
  10 jackals
  5 kobolds
  2 quokkas
  3 frilled lizards
  2 rats (D:1)
68 creatures vanquished.

Notes
Turn   | Place    | Note
-------+----------+-------------------------------------------
     0 | D:1      | maxwell1 the Troll Berserker began the quest for the Orb.
     0 | D:1      | Reached XP level 1. HP: 22/22 MP: 0/0
    99 | D:1      | Reached XP level 2. HP: 27/29 MP: 1/1
   199 | D:1      | Reached skill level 3 in Maces & Flails
   291 | D:1      | Found a faded altar of an unknown god.
   535 | D:1      | Reached XP level 3. HP: 34/36 MP: 2/2
   622 | D:1      | Reached ** piety under Trog
  1116 | D:2      | Reached XP level 4. HP: 44/44 MP: 3/3
  1409 | D:3      | Identified a scroll of acquirement
  1409 | D:3      | Acquired a +1 tower shield of positive energy
  1503 | D:3      | Reached skill level 4 in Maces & Flails
  2205 | D:4      | Noticed an ogre
  2234 | D:4      | Slain by an ogre

Illustrated notes

Levels and vault maps discovered:
D:1:      dpeg_arrival_boxorama, layout_basic, hellmonk_ecumenical_altar_zigzags
D:2:      layout_rooms
D:3:      layout_loops_ring
D:4:      layout_rooms, serial_shops, nicolae_shop_trees,
          chequers_serial_rivers_marsh, amethyst_killhole, uniq_grinder,
          uniq_sigmund

Skill      XL: |  1  2  3  4 |
---------------+-------------+-----
Maces & Flails | 3 4 |  4.1
Dodging        | 3 |  3.2
Fighting       | 3 |  3.0
Shields        | |  0.1

Action                   |  1- 3 |  4- 6 || total
-------------------------+-------+-------++-------
Melee: Mace              |   128 |    31 ||   159
       Morningstar       |       |    65 ||    65
Invok: Berserk           |       |     1 ||     1
  Use: Scroll            |       |     2 ||     2
Armor: Animal skin       |    54 |     1 ||    55
       Robe              |       |    33 ||    33
Dodge: Dodged            |    84 |    34 ||   118
Block: Tower shield      |       |    70 ||    70

Table legend: (Time is in decaauts)
 A = Elapsed time spent in this place.
 B = Non-inter-level travel time spent in this place.
 C = Inter-level travel time spent in this place.
 D = Time resting spent in this place.
 E = Time spent auto-exploring this place.
 F = Levels seen in this place.
 G = Mean time per level.
                   A        B        C        D        E       F      G
               +--------+--------+--------+--------+--------+-----+--------+
         Total |   2333 |   2196 |    137 |     52 |   1445 |   4 |  583.2 |
       Dungeon |   2333 |   2196 |    137 |     52 |   1445 |   4 |  583.2 |
               +--------+--------+--------+--------+--------+-----+--------+

Top non-repeatable levels by time:
     D:1: 852 daAuts
     D:3: 818 daAuts
     D:2: 543 daAuts
     D:4: 119 daAuts
